AoeStats
← lorenzo021

MegaRandom

509457739Analyzed
4v4 RM · 6d ago on Sep 26, 2026· 44m 49s· 8 players
Game mode
Random Map
Map size
Large (8 player)
Population
200
Speed
Normal
Resources
Standard
Victory
Conquest
Starting age
Dark Age
Ending age
Imperial Age
RankedLock teamsTeams togetherTeam positionsShared explorationLock speedFull tech treeHidden civsTurbo modeCheats
Victory
Defeat
🇮🇹 Byzantines · Italy
1078
+13
🇬🇧 Varangians · United Kingdom
1034
+15
🇮🇹 Mongols · Italy
1018
+16
🇮🇹 Franks · Italy
959
+17
🇹🇷 Koreans · Türkiye
1047
-17
🇺🇸 Danes · United States
1023
-16
🇬🇧 Dravidians · United Kingdom
1008
-15
🇬🇹 Huns · Guatemala
957
-13
Truck Got Stuck
5:25 Loom
13:20 Feudal Age
14:32 Double-Bit Axe
20:50 Castle Age
20:48 Fletching
20:59 Padded Archer Armor
21:33 Horse Collar
22:07 Bow Saw
24:56 Town Watch
Knog502
9:56 Feudal Age
8:18 Loom
14:40 Double-Bit Axe
18:01 Bloodlines
31:55 Castle Age
30:24 Forging
32:03 Wheelbarrow
33:36 Pikeman
34:17 Squires
36:31 Scale Barding Armor
37:12 Husbandry
40:41 Scale Mail Armor
41:43 Marauders
44:22 Wheelbarrow
xunil
10:12 Feudal Age
10:45 Loom
18:20 Castle Age
17:04 Double-Bit Axe
17:18 Stone Mining
17:13 Horse Collar
21:49 Wheelbarrow
22:18 Fletching
25:10 Heavy Plow
31:28 Bodkin Arrow
31:53 Elite Skirmisher
36:44 Imperial Age
35:31 Padded Archer Armor
36:56 Leather Archer Armor
Mr_FahrenHeit
4:37 Loom
14:23 Feudal Age
15:42 Double-Bit Axe
17:02 Fletching
23:47 Castle Age
24:22 Crossbowman
28:06 Bodkin Arrow
30:02 Pikeman
31:53 Scale Mail Armor
31:59 Elite Skirmisher
43:00 Imperial Age
43:01 Arbalester
Conquistatoooore
0:32 Loom
12:53 Feudal Age
19:00 Castle Age
18:52 Scale Barding Armor
20:47 Forging
22:38 Husbandry
29:21 Iron Casting
33:18 Wheelbarrow
32:38 Gold Mining
37:07 Imperial Age
37:16 Cavalier
Cunctator
7:14 Loom
11:17 Feudal Age
13:51 Double-Bit Axe
18:04 Man-at-Arms
19:52 Scale Mail Armor
25:01 Castle Age
23:41 Fletching
25:05 Crossbowman
28:21 Padded Archer Armor
30:29 Bodkin Arrow
32:04 Leather Archer Armor
33:48 Thumb Ring
34:47 Scale Barding Armor
34:52 Forging
36:30 Chain Barding Armor
37:32 Wheelbarrow
37:28 Bow Saw
38:46 Stone Mining
38:48 Gold Mining
41:07 Hand Cart
45:33 Ballistics
FreakinFlavio
0:32 Loom
2:49 Loom
13:13 Feudal Age
15:06 Wheelbarrow
14:20 Town Watch
18:37 Castle Age
16:48 Double-Bit Axe
18:13 Stone Mining
18:14 Gold Mining
19:38 Gold Mining
21:52 Horse Collar
24:05 Bow Saw
25:23 Fletching
32:17 Imperial Age
30:48 Heavy Plow
31:01 Husbandry
31:50 Bloodlines
31:58 Forging
33:10 Scale Barding Armor
33:32 Conscription
33:46 Conscription
35:56 Two-Man Saw
35:52 Elite Jarl
37:42 Chain Barding Armor
42:42 Vendel Legacy
lorenzo021
7:59 Loom
9:44 Feudal Age
11:23 Double-Bit Axe
11:40 Fletching
14:01 Horse Collar
18:22 Wheelbarrow
22:11 Castle Age
20:50 Padded Archer Armor
20:54 Gold Mining
22:13 Crossbowman
22:51 Bodkin Arrow
23:08 Bow Saw
26:01 Leather Archer Armor
29:40 Thumb Ring
30:45 Stone Mining
32:09 Hand Cart
31:40 Town Watch
36:12 Imperial Age
34:06 Bloodlines
34:21 Heavy Plow
34:25 Town Patrol
35:53 Gold Shaft Mining
35:41 Ballistics
36:36 Husbandry
37:21 Conscription
37:13 Bracer
37:42 Parthian Tactics
37:05 Elite Mangudai
38:37 Stone Shaft Mining
39:31 Chemistry
Connection lost

Rejoining the realm…

Still unreachable

The connection could not be restored.

Session expired

The server has moved on; the page needs a fresh start.